 Dungeon Crawl Stone Soup version 0.25-a0-424-g80bd347 (webtiles) character file.

Game seed: 15585345021272237865, levelgen mode: deterministic

24 BlueFish the Insei (level 3, -2/23 HPs)
             Began as an Octopode Transmuter on Jan 22, 2020.
             Slain by a gnoll
             ... wielding a +0 whip
              (6 damage)
             ... on level 1 of the Dungeon.
             The game lasted 00:01:13 (827 turns).

BlueFish the Insei (Octopode Transmuter)             Turns: 827, Time: 00:01:14

Health: -2/23      AC:  1    Str: 10    XL:     3   Next: 2%
Magic:  6/6        EV: 13    Int: 15    God:
Gold:   82         SH:  0    Dex: 12    Spells: 3/6 levels left

rFire    . . .     SeeInvis .     - Unarmed
rCold    . . .     Gourm    .   (no shield)
rNeg     . . .     Faith    .   (helmet restricted)
rPois    .         Spirit   .   (no amulet)
rElec    .         Reflect  .   (no ring)
rCorr    .         Harm     .   (no ring)
MR       .....                  (no ring)
Stlth    ++........             (no ring)
HPRegen  0.07/turn              (no ring)
MPRegen  0.10/turn              (no ring)
                                (no ring)
                                (no ring)

@: appendage (expiring)
A: almost no armour, stealthy swim, amphibious, 8 rings, constrict 8, tentacle
spike 3, camouflage 1, gelatinous body 1
a: End Transformation


You were on level 1 of the Dungeon.
You were not hungry.
One of your tentacles had a temporary spike.
You visited 1 branch of the dungeon, and saw 2 of its levels.

You collected 82 gold pieces.

Inventory:

Missiles
 a - 12 arrows
Jewellery
 g - an uncursed ring of protection from magic {unknown}
Scrolls
 f - 2 scrolls of fog
 i - a scroll of immolation {unknown}
 j - 3 scrolls of identify {unknown}
Potions
 b - a potion of mutation {unknown}
 k - a potion of curing {unknown}
Comestibles
 c - a ration


   Skills:
 * Level 1.2 Fighting
 + Level 2.0 Dodging
 + Level 0.6 Stealth
 + Level 3.4 Unarmed Combat
 + Level 2.3 Spellcasting
 + Level 2.1 Transmutations


You had 3 spell levels left.
You knew the following spells:

 Your Spells              Type           Power        Failure   Level  Hunger
a - Beastly Appendage     Tmut           #.....       9%          1    #......
b - Sticks to Snakes      Tmut           #.......     13%         2    ###....

Your spell library contained the following spells:

 Spells                   Type           Power        Failure   Level  Hunger
 Spider Form              Tmut/Pois      #.........   38%         3    ###....
 Ice Form                 Ice/Tmut       #.......     80%         4    #####..
 Blade Hands              Tmut           #.........   94%         5    ######.


Dungeon Overview and Level Annotations

Branches:
Dungeon (2/15)

Altars:


Innate Abilities, Weirdness & Mutations

You cannot wear most types of armour.
You are very stealthy in the water. (Stealth+)
You are amphibious.
You can wear up to eight rings at the same time.
You can use your tentacles to constrict eight enemies at once.
Your skin changes colour to match your surroundings (Stealth+).
Your rubbery body absorbs attacks. (AC +1, EV +1)
One of your tentacles bears a large vicious spike.


Message History

The gnoll is moderately wounded.
The gnoll hits you!
* * * LOW HITPOINT WARNING * * *
You tentacle-slap the gnoll. Your grab misses the gnoll.
You pierce the gnoll.
The gnoll is severely wounded.
The gnoll closely misses you.
You tentacle-slap the gnoll.
You kill the gnoll!
You have reached level 3!
Your experience leads to an increase in your attributes!
Increase (S)trength, (I)ntelligence, or (D)exterity?
You feel stronger.
You tentacle-slap the gnoll but do no damage.
You grab the gnoll.
The gnoll is lightly wounded.
You constrict the gnoll. The gnoll closely misses you.
You tentacle-slap the gnoll.
The gnoll is moderately wounded.
You constrict the gnoll. The gnoll hits you with a +0 whip.
You die...

#.######§#######
#.##...§§§.....####
#......§§#####.##.##
#.##.###§# #.#...##
#........#
#......###
#.##.###(#
###....... #.##.#
#.# ##.#####
#.##>###.# #.#
#....g@..# #.#
####.##### ##'## #.#
##...## #.####
##.....## #..#.##
##....[..##
##....####.........#
#.......+.........'
#....####.........#
#.#.## ##.......##


You could see a gnoll.

Vanquished Creatures
  A gnoll (D:1)
  2 bats (D:1)
  A giant cockroach (D:1)
  5 goblins
  A hobgoblin (D:1)
  2 kobolds (D:1)
  A rat (D:1)
13 creatures vanquished.

Notes
Turn   | Place    | Note
-------+----------+-------------------------------------------
     0 | D:1      | BlueFish the Octopode Transmuter began the quest for the
                  | Orb.
     0 | D:1      | Reached XP level 1. HP: 13/13 MP: 3/3
   371 | D:1      | Reached XP level 2. HP: 16/18 MP: 3/5
   375 | D:1      | Learned a level 2 spell: Sticks to Snakes
   825 | D:1      | Reached XP level 3. HP: 4/23 MP: 6/6
   827 | D:1      | Slain by a gnoll

Levels and vault maps discovered:
D:1:      zelgadis_glass_arrival_small, layout_loops_corners,
          chequers_serial_rivers_micro_a, due_unseen_surprise
D:2:      layout_basic, chequers_temple_overflow_statue_of_worship,
          grunt_ministairs_13, minmay_misc_feat_secret_circle

Action                   || total
-------------------------++-------
Melee: Unarmed           ||    34
       Constrict         ||    10
       Kick              ||     5
       Tentacles         ||     3
 Cast: Beastly Appendage ||    11
  Use: Scroll            ||     3
 Stab: Sleeping          ||     2
Armor: Skin              ||     5
Dodge: Dodged            ||    18

Table legend:
 A = Non-vault XP
 B = Vault XP
 C = Vault XP percentage of total XP
 D = Non-vault monster count
 E = Vault monster count
 F = Vault count percentage of total count
                 A         B        C        D         E       F
            +---------+---------+-------+---------+---------+-------
      Total |      21 |      14 |  40.0 |      12 |       1 |   7.7
            +---------+---------+-------+---------+---------+-------
        D:1 |      19 |      14 |  42.4 |      11 |       1 |   8.3
        D:2 |       2 |       0 |   0.0 |       1 |       0 |   0.0
            +---------+---------+-------+---------+---------+-------
